[Event "44th Chess Olympiad Open 2022"]
[Site "Chennai"]
[Date "2022.08.08"]
[Round "10.69"]
[White "Wojciechowski, Paul"]
[Black "Winston Gerald, Mansfield Thomas"]
[Result "0-1"]
[WhiteElo "1944"]
[BlackElo "1832"]
[Annotator "NA RC"]
[PlyCount "80"]
[EventDate "2022.??.??"]
[TimeControl "60"]

1. e4 d6 2. d4 Nf6 3. Nc3 c6 4. f4 Qa5 5. Bd3 e5 6. Nf3 Nbd7 7. O-O Qc7 8.
Kh1 b5 9. a3 Be7 10. Qe1 O-O 11. Be3 a6 12. Rd1 Re8 13. dxe5 dxe5 14. f5 Bb7 15. Qg3 Kh8 16. Be2 a5 17. Bd3 b4 18. Nb1 bxa3 19. Nxa3 Bxa3 20. bxa3 c5 21. Ng5 Rf8 22. Qh4 c4 23. Be2 Ra6 24. Rf3 h6 25.
Rh3 Kg8 26. Ne6 fxe6 27. Bxh6 Rf7 28. Bg5 Kf8 29. Qh8+ Ke7 30. Bh5 Qc8 31. Qxc8 Bxc8 32. Bxf7 Kxf7 33. fxe6+ Kxe6 34. Re3 Bb7 35. Bxf6 Nxf6 36. Rde1 Rd6 37. h3 Rd4 38. Rb1 Bxe4 39. Rb6+ Kf5 40. Rc3 Nd5 0-1

[Event "44th Chess Olympiad Open 2022"]
[Site "Chennai"]
[Date "2022.08.08"]
[Round "10.69"]
[White "Kamara, Ansumana"]
[Black "Carpenter, Paul A"]
[Result "0-1"]
[WhiteElo "1896"]
[BlackElo "1938"]
[Annotator "NA RC"]
[PlyCount "126"]
[EventDate "2022.??.??"]
[TimeControl "60"]

1. e4 d6 2. d4 Nf6 3. Nc3 Nbd7 4. f4 e5 5. fxe5 dxe5 6. dxe5 Nxe5 7. Qxd8+ Kxd8 8. Bf4 Bd6 9. O-O-O Ke7 10. h3 Nd3+ 11. Bxd3 Bxf4+ 12. Kb1 Be6 13. Nf3 Rad8 14. Rhf1 c5 15. b3 Rc8 16. Nh4 Be5 17. Nd5+ Kf8 18. c4 Nh5 19. g4 Bxd5 20. exd5 Nf4 21. Bf5 Rd8 22. Rde1 Bd6 23. g5 g6 24. Bg4 h5 25. gxh6 Rxh6 26. Nf3 f5 27. Ne5 Bxe5 28. Rxe5 Nxh3 29. Bxh3 Rxh3 30. Rd1 Re8 31. Rde1 Rxe5 32. Rxe5 Rd3 33. Kc2 Rd4 34. Kc3 Kf7 35. b4 b6 36. a4 a5 37. bxa5 bxa5 38. Re6 f4 39. Re5 Kf6 40. Re6+ Kf5 41. Rc6 f3 42. Rxc5 f2 43. Kxd4 f1=Q 44. d6+ Ke6 45. Rd5 Qd1+ 46. Kc5 Qxa4 47. Rd4 Kd7 48. Kd5 Qc6+ 49. Ke5 Qc5+ 50. Ke4 Qxd4+ 51. Kxd4 Kxd6 52. c5+ Kc6 53. Kc4 g5 54. Kd4 a4 55. Kc4 g4 56. Kb4 g3 57. Kxa4 Kxc5 58. Kb3 g2 59. Kc3 g1=Q 60. Kd3 Qe1 61. Kc2 Kc4 62. Kb2 Qc3+ 63. Kb1 Qd2 0-1

[Event "44th Chess Olympiad Open 2022"]
[Site "Chennai"]
[Date "2022.08.08"]
[Round "10.69"]
[White "Lwebuga, Ronald"]
[Black "Belzo, Krzysztof"]
[Result "0-1"]
[WhiteElo "1818"]
[BlackElo "2080"]
[Annotator "NA RC"]
[PlyCount "96"]
[EventDate "2022.??.??"]
[TimeControl "60"]

1. Nf3 c5 2. c4 Nc6 3. Nc3 g6 4. g3 Bg7 5. Bg2 Nf6 6. O-O d5 7. cxd5 Nxd5 8. Nxd5 Qxd5 9. e3 Qd3 10. Ne1 Qd6 11. Nc2 O-O 12. Re1 Bf5 13. e4 Be6 14. d3 Rad8 15. Bf1 Qd7 16. f4 Bg4 17. Be2 Bxe2 18.
Qxe2 Qxd3 19. Qxd3 Rxd3 20. Rb1 Rfd8 21. e5 f6 22. exf6 Bxf6 23.
Be3 b6 24. Re2 Rd1+ 25. Rxd1 Rxd1+ 26. Kg2 Bxb2 27. g4 Kf7 28. Ne1 Bd4 29. Nf3 Bxe3 30. Ng5+ Ke8 31. Rxe3 Rd2+ 32. Kh3 h6 33. Ne4 Rxa2 34. Nf6+ Kf7 35. Nd5 Rd2 36. Nc7 c4 37. Kg3 Rd7 38. Nb5 a6 39. Nc3 b5 40. Ne4 Rd5 41. Nc3 Rd3 42. Rxd3 cxd3 43. Kf2 e5 44. fxe5 Nxe5 45. h3 Nc4 46. Ke1 Kf6 47. Nd5+ Ke5 48.
Nb4 Kd4 0-1

[Event "44th Chess Olympiad Open 2022"]
[Site "Chennai"]
[Date "2022.08.08"]
[Round "10.69"]
[White "Gurner, Jem"]
[Black "Adeshole Beckley, Brian"]
[Result "1/2-1/2"]
[WhiteElo "1800"]
[BlackElo "1590"]
[Annotator "NA RC"]
[PlyCount "110"]
[EventDate "2022.??.??"]
[TimeControl "60"]

1. e4 e6 2. d4 d5 3. Nd2 Nf6 4. e5 Nfd7 5. c3 c5 6. Bd3 Nc6 7. Ngf3 cxd4 8. cxd4 Be7 9. O-O O-O 10. Re1 f6 11. exf6 Nxf6 12. Nf1 Bd6 13. Bg5 h6 14. Bh4 Qc7 15. Rc1 Bf4 16. Bg3 Bxg3 17. Nxg3 Qd6 18. Bb1 Bd7 19. Ne5 Be8 20. a3 Ne7 21. Qd3 Bf7 22. Ne2 Rfc8 23. Nc3 Be8 24. h3 a6 25. Qf3 Qb6 26. Ng4 Nxg4 27. Qxg4 Bf7 28. Na4 Rxc1 29. Rxc1 Qa5 30. Nc5 Qd2 31. Rd1 Qg5 32. Qxg5 hxg5 33. b4 b6 34. Nd7 b5 35. Nc5 Nc6 36. Nb3 e5 37. Ba2 e4 38.
Rc1 Rc8 39. Na5 Ne7 40. Rxc8+ Nxc8 41. Nc6 Nd6 42. Nb8 Nf5 43. Nxa6 Nxd4 44. Nc7 Ne2+ 45. Kf1 Nc3 46. Bb3 d4 47. Bxf7+ Kxf7 48. Ke1 Ke7 49. Na6 Nb1 50. Nc5 Nxa3 51. Kd1 e3 52. fxe3 dxe3 53. Ke2 Kf6 54. Na6 Nc4 55. Nc7 Nd6 1/2-1/2

[Event "44th Chess Olympiad Open 2022"]
[Site "Chennai"]
[Date "2022.08.08"]
[Round "10.70"]
[White "Ayyad, Husain"]
[Black "Knowles, Kendrick"]
[Result "1-0"]
[WhiteElo "2209"]
[BlackElo "1907"]
[Annotator "NA RC"]
[PlyCount "89"]
[EventDate "2022.??.??"]
[TimeControl "60"]

1. e4 c6 2. d4 d5 3. exd5 cxd5 4. Bd3 Nc6 5. c3 Nf6 6. h3 g6 7. Nf3 Bf5 8. Bxf5 gxf5 9. O-O e6 10. Bg5 Be7 11. Bxf6 Bxf6 12. Nbd2 Qd6 13. Qe2 O-O-O 14. a4 Kb8 15. a5 Rhg8 16. Nb3 Rg7 17. Kh1 Rdg8 18. Rg1 Qc7 19. Nc5 a6 20. b4 Na7 21. Rac1 Nb5 22. c4 dxc4 23. Rxc4 Qd6 24. Ne5 Rd8 25. Nxb7 Kxb7 26. Rc6 Qxc6 27. Nxc6 Kxc6 28. Qc4+ Kb7 29. Qc5 Rd6 30. Rc1 Rg8 31. d5 Bd4 32. Qc2 Rxd5 33. Qe2 Be5 34. Qh5 Nd6 35. Rc5 Rxc5 36. bxc5 Rc8 37. f4 Bd4 38. cxd6 Rc1+ 39. Kh2 Bg1+ 40. Kg3 Rf1 41. Qxf7+ Kc6 42. Qc7+ Kd5 43. Qb7+ Kd4 44. Qb2+ Kc5 45. Qc3+ 1-0

[Event "44th Chess Olympiad Open 2022"]
[Site "Chennai"]
[Date "2022.08.08"]
[Round "10.70"]
[White "Moncur, Cecil"]
[Black "Ayyad, Maher"]
[Result "0-1"]
[WhiteElo "1815"]
[BlackElo "2101"]
[Annotator "NA RC"]
[PlyCount "80"]
[EventDate "2022.??.??"]
[TimeControl "60"]

1. e4 c5 2. Nc3 e6 3. g3 d6 4. Bg2 g6 5. d3 Bg7 6. Be3 Nc6 7. Qd2 Nd4 8. Nge2 Rb8 9. Nd1 b5 10. c3 Nxe2 11. Qxe2 Bb7 12. O-O Ne7 13. Bg5 h6 14. Bxe7 Qxe7 15. f4 O-O 16. Nf2 Rfe8 17. Rae1 Qd7 18. Qd2 a5 19. Nd1 b4 20. c4 d5 21. cxd5 Bd4+ 22. Kh1 exd5 23. e5 c4 24. Ne3 c3 25.
Qc2 cxb2 26. h3 Rbc8 27. Qb1 Bxe3 28. Rxe3 d4 29. Re2 Qxh3+ 30. Kg1 Qxg3 31. Qxb2 Rc3 32. Kh1 Bxg2+ 33. Rxg2 Qxd3 34. Qf2 Qe3 35. Qh4 Qh3+ 36. Qxh3 Rxh3+ 37. Rh2 Rxh2+ 38. Kxh2 Rc8 39. Rf2 d3 40. Kg3 Rc2 0-1

[Event "44th Chess Olympiad Open 2022"]
[Site "Chennai"]
[Date "2022.08.08"]
[Round "10.70"]
[White "Shaker, Musab"]
[Black "Albury, Noah"]
[Result "1/2-1/2"]
[WhiteElo "1705"]
[BlackElo "1324"]
[Annotator "NA RC"]
[PlyCount "89"]
[EventDate "2022.??.??"]
[TimeControl "60"]

1. d4 d5 2. Nf3 Nf6 3. Bf4 c5 4. e3 Nc6 5. c3 Qb6 6. Qb3 c4 7. Qc2 Bf5 8. Qc1 h6 9. h3 e6 10. Be2 Be7 11. Nbd2 Qd8 12. Bd1 O-O 13. O-O Bd6 14. Bxd6 Qxd6 15. Bc2 Bxc2 16. Qxc2 b5 17. e4 Nxe4 18. Nxe4 dxe4 19. Qxe4 Qd5 20. Qf4 Rab8 21. Rfe1 b4 22. Ne5 bxc3 23. bxc3 Rb2 24. Reb1 Nxe5 25. Rxb2 Nd3 26. Qd2 Nxb2 27. Qxb2 e5 28. Rd1 Rd8 29. Qe2 Qb5 30. Qc2 exd4 31. Rxd4 Rxd4 32. cxd4 Qb4 33. d5 Qe1+ 34. Kh2 Qe5+ 35. g3 Qxd5 36. Kg1 Qd4 37. Kg2 c3 38. Kf1 a5 39. a4 Qb4 40. Ke2 Kf8 41. Kd3 Ke7 42. Qxc3 Qxa4 43. Qe5+ Kf8 44. Qc5+ Ke8 45. Qe5+ 1/2-1/2

[Event "44th Chess Olympiad Open 2022"]
[Site "Chennai"]
[Date "2022.08.08"]
[Round "10.70"]
[White "Lockhart, Kenville"]
[Black "Al-Burshaid, Ebrahim"]
[Result "0-1"]
[WhiteElo "1551"]
[BlackElo "1702"]
[Annotator "NA RC"]
[PlyCount "118"]
[EventDate "2022.??.??"]
[TimeControl "60"]

1. e4 e5 2. Nf3 Nc6 3. Nc3 Nf6 4. Bb5 d6 5. O-O Be7 6. d4 exd4 7. Nxd4 Bd7 8. Nxc6 bxc6 9. Ba4 O-O 10. Bf4 Rb8 11. e5 Ne8 12. a3 d5 13. Re1 g6 14. b4 Ng7 15. Bh6 Re8 16. Bxg7 Kxg7 17. Qd4 Rb6 18. h3 Be6 19. Bb3 a5 20. Na4 Rb5 21. Nc5 Bxc5 22. bxc5 Qe7 23. a4 Rb4 24. Qe3 d4 25. Qf3 Bxb3 26. cxb3 Qe6 27. Qf6+ Qxf6 28. exf6+ Kf8 29. Rxe8+ Kxe8 30. Rb1 d3 31. Kf1 Kd7 32. f3 Ke6 33. Ke1 Kxf6 34. Kd2 Rd4 35. Re1 Rd5 36. h4 h5 37. f4 Rd4 38. g3 Rb4 39. Kc3 Kf5 40. Rd1 Ke4 41. Re1+ Kf3 42. Rd1 Kxg3 43. Rxd3+ Kxh4 44. f5 Kg5 45. fxg6 fxg6 46. Rd4 Rb7 47. b4 axb4+ 48. Rxb4 Ra7 49. Rd4 h4 50. Kb4 Kh5 51. a5 g5 52. Re4 h3 53.
Re5 Kh4 54. Re6 g4 55. Rxc6 h2 56. Kb5 g3 57. a6 Kg5 58. Rxc7 Rxc7 59. Kb6 Rxc5 0-1

[Event "44th Chess Olympiad Open 2022"]
[Site "Chennai"]
[Date "2022.08.08"]
[Round "10.71"]
[White "Al Mutairi, Abdullah F"]
[Black "Mlawa, Hemed"]
[Result "0-1"]
[WhiteElo "1916"]
[BlackElo "1896"]
[Annotator "NA RC"]
[PlyCount "90"]
[EventDate "2022.??.??"]
[TimeControl "60"]

1. e4 c6 2. d4 d5 3. Nd2 dxe4 4. Nxe4 Nf6 5. Ng3 Bg4 6. Nf3 e6 7. c3 Qc7 8. h3 Bxf3 9. Qxf3 Nbd7 10. Bd3 Bd6 11. O-O O-O 12. Nh5 Qa5 13.
Nxf6+ Nxf6 14. Re1 Qh5 15. g4 Qd5 16. Qd1 Bc7 17. g5 Nd7 18.
Qh5 g6 19. Qg4 e5 20. Be3 Rae8 21. c4 Qe6 22. Qh4 e4 23. Bf1 f5 24. Bf4 Bxf4 25. Qxf4 Nb6 26. b3 Rd8 27. Rad1 Rfe8 28. a4 a5 29. Qc7 Nd7 30. Qxa5 f4 31. Bg2 b6 32. Qc3 Qf5 33. h4 f3 34. Bf1 Qg4+ 35.
Kh2 Qxh4+ 36. Bh3 Qxf2+ 37. Kh1 Qh4 38. Kh2 Qf4+ 39. Kh1 e3 40.
c5 Qg3 41. Qc4+ Kg7 42. Qf1 e2 43. Qxf3 Qxf3+ 44. Bg2 Qh5+ 45. Kg1 exd1=Q 0-1

[Event "44th Chess Olympiad Open 2022"]
[Site "Chennai"]
[Date "2022.08.08"]
[Round "10.71"]
[White "Alzamil, Abdulaziz"]
[Black "Charles, Cleophas"]
[Result "1-0"]
[WhiteElo "1871"]
[BlackElo "1593"]
[Annotator "NA RC"]
[PlyCount "189"]
[EventDate "2022.??.??"]
[TimeControl "60"]

1. d4 Nf6 2. Nf3 d5 3. Bf4 Bf5 4. e3 e6 5. c3 c5 6. Nbd2 Nc6 7. Qb3 Qc8 8. Bb5 Be7 9. Ne5 O-O 10. Bxc6 bxc6 11. Qa4 cxd4 12. Nxc6 Qd7 13. Nxe7+ Qxe7 14. exd4 Nh5 15. Be3 Bd3 16. Qd1 Qh4 17. Qf3 f5 18. g3 Qh3 19. Bg5 Bc2 20. Rc1 Be4 21. Nxe4 fxe4 22. Qe2 Qg2 23. Qf1 Qf3 24. Be3 Rab8 25. b3 Nf6 26. h3 Nh5 27. Rg1 Rf7 28. Kd2 Nf6 29. Qe2 Nd7 30. Qxf3 Rxf3 31. Ke2 Rf7 32. c4 Nb6 33. c5 Nc8 34. Rc3 Kf8 35. Rb1 Ke8 36. b4 Ne7 37. b5 Nc6 38.
Ra3 h6 39. Ra6 Nd8 40. Bf4 Rc8 41. h4 Rb7 42. a4 Nc6 43. Rd1 Nd8 44. c6 Rf7 45. Bd6 g6 46. Bf4 h5 47. c7 Rfxc7 48. Bxc7 Rxc7 49. a5 Kd7 50. b6 axb6 51. axb6 Rb7 52. Ra7 Kc8 53. Rc1+ Kb8 54. Rxb7+ Kxb7 55. Ke3 Kxb6 56. Kf4 Nc6 57. Ke3 Kc7 58. Ra1 Kd7 59. Ra6 Ne7 60. Kf4 Nc6 61. Ra4 Ke7 62. Kg5 e5 63. dxe5 Nxe5 64. Kf4 Nd3+ 65. Ke3 Ne5 66. Ra6 Kf7 67. Kd4 Ng4 68. Ra2 Ke6 69. Rb2 Nf6 70. Rb8 Kf5 71. Rf8 Ke6 72. Ra8 Ng4 73. Ra2 Nf6 74. Ra6+ Kf5 75. Ra8 Ke6 76. Ra2 Kf5 77. Ra6 Ng4 78. Ra8 Nf6 79. Ra7 Ke6 80. Rg7 Kf5 81. Re7 Ng4 82. Kxd5 Nxf2 83. Rf7+ Kg4 84. Rxf2 Kxg3 85. Rf6 e3 86. Rxg6+ Kxh4 87. Re6 e2 88. Rxe2 Kg3 89. Ke4 h4 90. Re3+ Kg2 91. Kf4 h3 92. Re2+ Kg1 93. Kg3 Kf1 94. Ra2 h2 95. Kxh2 1-0

[Event "44th Chess Olympiad Open 2022"]
[Site "Chennai"]
[Date "2022.08.08"]
[Round "10.71"]
[White "Njau, Albert"]
[Black "Alharthi, Ahmed Mohammed A"]
[Result "1-0"]
[WhiteElo "1842"]
[BlackElo "1935"]
[Annotator "NA RC"]
[PlyCount "71"]
[EventDate "2022.??.??"]
[TimeControl "60"]

1. e4 d5 2. exd5 Nf6 3. Nc3 Nxd5 4. Nf3 Bf5 5. Nxd5 Qxd5 6.
Be2 Nc6 7. O-O e5 8. Re1 O-O-O 9. d3 f6 10. Be3 g5 11. Nd2 Kb8 12. Bf3 Qe6 13. a3 Be7 14. b4 h5 15. Qb1 h4 16. b5 Nd4 17. Be4 h3 18.
Bxd4 Rxd4 19. Qb3 Qc8 20. g3 Bxe4 21. Rxe4 Bc5 22. Rae1 Qf5 23. Rxd4 Bxd4 24. Re2 Qg4 25. Kf1 Bc5 26. Qc4 Qd4 27. Qxd4 Bxd4 28. g4 Rh4 29. Re4 Kc8 30. Nf3 Rh8 31. Nxd4 exd4 32. Rxd4 Re8 33. f3 Re5 34. a4 Rc5 35. c4 a6 36. Kf2 1-0

[Event "44th Chess Olympiad Open 2022"]
[Site "Chennai"]
[Date "2022.08.08"]
[Round "10.71"]
[White "Mdoe, Yusuf"]
[Black "Alrehaili, Ahmed Abdullah S"]
[Result "0-1"]
[WhiteElo "1722"]
[BlackElo "1986"]
[Annotator "NA RC"]
[PlyCount "88"]
[EventDate "2022.??.??"]
[TimeControl "60"]

1. c4 Nf6 2. g3 g6 3. Bg2 Bg7 4. Nc3 O-O 5. d4 d6 6. Nf3 Nc6 7. O-O Bg4 8. h3 Bxf3 9. Bxf3 Nd7 10. e3 e5 11. Ne2 Rb8 12. Rb1 Qf6 13.
Bg2 exd4 14. Bxc6 bxc6 15. exd4 Qe6 16. b3 Qxh3 17. Nf4 Qf5 18.
Bb2 Rfe8 19. Re1 h5 20. Ng2 Nf6 21. f3 Rxe1+ 22. Nxe1 Qh3 23. Kf2 h4 24. gxh4 Re8 25. Ng2 Nh5 26. Qd3 Qg3+ 27. Kf1 Qxg2+ 28. Kxg2 Nf4+ 29. Kf1 Nxd3 30. Ba3 Bxd4 31. Rd1 Bc5 32. b4 Nxb4 33. Bxb4 Bxb4 34. Rb1 Bc5 35. Rb7 Bb6 36. a4 a5 37. Kg2 Kf8 38. Kg3 Ke7 39. Kg4 Kd7 40. Kg5 Re5+ 41. Kf4 Kc8 42. Rxb6 cxb6 43. Kg4 Rc5 44. f4 f6 0-1

[Event "44th Chess Olympiad Open 2022"]
[Site "Chennai"]
[Date "2022.08.08"]
[Round "10.72"]
[White "Njoroge, Martin"]
[Black "de Araujo, Helder"]
[Result "1/2-1/2"]
[WhiteElo "1973"]
[BlackElo "1742"]
[Annotator "NA RC"]
[PlyCount "110"]
[EventDate "2022.??.??"]
[TimeControl "60"]

1. d4 Nf6 2. c4 e6 3. Nf3 d5 4. e3 c5 5. Be2 dxc4 6. Bxc4 cxd4 7. exd4 Bb4+ 8.
Nc3 O-O 9. O-O a6 10. Bg5 Nbd7 11. Qe2 b5 12. Bb3 Bb7 13. Rad1 Bxc3 14. bxc3 Qc7 15. Rd3 Ne4 16. Re3 Nxc3 17. Qb2 Rac8 18. Ne5 Nxe5 19. dxe5 h6 20. Bf4 Nd5 21. Bxd5 Bxd5 22. Rg3 Kh8 23. Rc1 Qa5 24. Ra3 Rc2 25. Rxa5 Rxb2 26. Rxa6 Rxa2 27. Rxa2 Bxa2 28. Bd2 Rd8 29. Bb4 Rd4 30. Bd6 Kh7 31. f3 Ra4 32. Ra1 Kg6 33. Kf2 Kf5 34. Ke3 f6 35. exf6 gxf6 36. g4+ Kg6 37. Bf8 Kf7 38. Bc5 e5 39. h4 f5 40. gxf5 Kf6 41. Bf8 Kxf5 42. h5 Ra8 43. Bb4 Kg5 44. Bc3 Kxh5 45.
Bxe5 b4 46. Ke4 b3 47. Kf5 Rf8+ 48. Bf6 Rxf6+ 49. Kxf6 Kh4 50. Kg6 Kg3 51. Kxh6 Kxf3 52. Re1 Kf2 53. Rh1 Ke3 54. Rh3+ Kd2 55. Rxb3 Bxb3 1/2-1/2

[Event "44th Chess Olympiad Open 2022"]
[Site "Chennai"]
[Date "2022.08.08"]
[Round "10.72"]
[White "Namale, Ben Nguku"]
[Black "dos Reis, Tito"]
[Result "1-0"]
[WhiteElo "1962"]
[BlackElo "1658"]
[Annotator "NA RC"]
[PlyCount "103"]
[EventDate "2022.??.??"]
[TimeControl "60"]

1. d4 d6 2. e4 Nf6 3. Nc3 c6 4. f4 Qa5 5. Bd2 Qc7 6. e5 Ng8 7. Bd3 g6 8. Qe2 d5 9. Nf3 Bg4 10. h3 Bxf3 11. Qxf3 e6 12. g4 Ne7 13. f5 Nd7 14. O-O-O O-O-O 15. fxe6 fxe6 16. Qf7 Kb8 17. Bg5 Nb6 18. Qxe6 Qd7 19. Qf6 Rg8 20. e6 Qe8 21. Rhf1 h6 22.
Bf4+ Ka8 23. Bc7 Rc8 24. Be5 Bg7 25. Qf4 g5 26. Qe3 Bxe5 27.
Qxe5 Ng6 28. Bxg6 Rxg6 29. Rf6 Nc4 30. Qf5 Rg7 31. Re1 Nd6 32.
Qe5 Nc4 33. Qg3 Rg6 34. Rxg6 Qxg6 35. b3 Na3 36. Kb2 Nb5 37. Nxb5 cxb5 38. Re2 Qf6 39. Qe5 Qe7 40. Qxd5 Rd8 41. Qe5 b4 42. d5 a6 43. Re4 Ka7 44. Rc4 Rd6 45. Qd4+ Kb8 46. Rxb4 b5 47. a4 Qb7 48. c4 Ka8 49. axb5 Qe7 50. c5 Rd8 51. bxa6 Qc7 52.
d6 1-0

[Event "44th Chess Olympiad Open 2022"]
[Site "Chennai"]
[Date "2022.08.08"]
[Round "10.72"]
[White "da Conceicao, Marcos"]
[Black "Oluka Robert Mcligeyo"]
[Result "0-1"]
[WhiteElo "1713"]
[BlackElo "1823"]
[Annotator "NA RC"]
[PlyCount "78"]
[EventDate "2022.??.??"]
[TimeControl "60"]

1. e4 g6 2. Nc3 Bg7 3. d4 c6 4. e5 d5 5. Be3 h5 6. h4 Bf5 7. Bd3 Bxd3 8. Qxd3 e6 9. O-O-O Nd7 10. Nh3 Qc7 11. f4 Nh6 12. Ng5 O-O-O 13. Na4 Kb8 14. Qb3 Rhf8 15. Rd3 Ng4 16. Bg1 Rde8 17. g3 f6 18.
Nf3 fxe5 19. dxe5 c5 20. Rc3 c4 21. Qa3 Rc8 22. b4 b6 23.
Nd4 Qb7 24. Be3 Rfe8 25. Rd1 Bf8 26. Qb2 b5 27. Nc5 Nxc5 28.
bxc5 Bxc5 29. Bg1 b4 30. Rf3 Ka8 31. Ne2 d4 32. Rff1 d3 33.
Nd4 Qa6 34. Kb1 Red8 35. cxd3 c3 36. Qg2+ Kb8 37. Nb3 Bxg1 38. Rc1 Qxd3+ 39. Ka1 c2 0-1

[Event "44th Chess Olympiad Open 2022"]
[Site "Chennai"]
[Date "2022.08.08"]
[Round "10.72"]
[White "Guterres, Cosme"]
[Black "Hinga, Githinji"]
[Result "0-1"]
[WhiteElo "1692"]
[BlackElo "1954"]
[Annotator "NA RC"]
[PlyCount "108"]
[EventDate "2022.??.??"]
[TimeControl "60"]

1. a3 e5 2. d3 Nf6 3. Bg5 Bc5 4. e3 d6 5. Be2 Bb6 6. c3 Nbd7 7. Nd2 c6 8. b4 h6 9. Bh4 Nf8 10. a4 Ng6 11. Bg3 a6 12. a5 Ba7 13. d4 Qe7 14. h3 d5 15.
Qb3 O-O 16. Ngf3 Bb8 17. Nh2 exd4 18. cxd4 Bxg3 19. fxg3 Re8 20. Ra3 Qd6 21. Kf2 Bf5 22. Re1 Re7 23. Nhf1 Rae8 24. Bf3 Nf8 25. Qc3 Ne6 26. g4 Bg6 27. Raa1 Ng5 28. Qc5 Qd7 29. Ra3 Be4 30. h4 Nxg4+ 31. Kg1 Bxf3 32. gxf3 Ne6 33. Qc2 Nxd4 34. Qb1 Nb5 35. Rb3 Nf6 36. Kg2 Qe6 37. Ng3 Nd6 38. Ndf1 g5 39. hxg5 hxg5 40. Qc2 Kg7 41. Kg1 Rh8 42. Rbb1 Nh5 43. Qg2 Nxg3 44. Nxg3 Nf5 45. Nxf5+ Qxf5 46. e4 dxe4 47. fxe4 Qf4 48. Qf2 Rh1+ 49. Kxh1 Qxf2 50. Rf1 Qg3 51. Rb2 Rxe4 52. Rg2 Rh4+ 53. Kg1 Qe3+ 54. Rff2 f6 0-1

[Event "44th Chess Olympiad Open 2022"]
[Site "Chennai"]
[Date "2022.08.08"]
[Round "10.73"]
[White "Arnold Smith"]
[Black "Dlamini Simphiwe"]
[Result "1/2-1/2"]
[WhiteElo "1931"]
[BlackElo "1569"]
[Annotator "NA RC"]
[PlyCount "131"]
[EventDate "2022.??.??"]
[TimeControl "60"]

1. e4 c6 2. Nf3 d5 3. Nc3 dxe4 4. Nxe4 Bf5 5. Ng3 Bg6 6. h4 h6 7. Ne5 Qd6 8. d4 Nd7 9. Nxg6 Qxg6 10. Bd3 Qd6 11. Be3 Ngf6 12. O-O e6 13.
c4 Be7 14. Re1 Rd8 15. a3 O-O 16. Qf3 c5 17. d5 Ne5 18. Qe2 Nxd3 19. Qxd3 Ng4 20. Qe4 Nxe3 21. Rxe3 Bf6 22. Rb3 b6 23. Rd1 Bd4 24. Ne2 exd5 25. cxd5 Qxd5 26. Qxd5 Rxd5 27. Nxd4 Rfd8 28. Rbd3 Kf8 29. Kf1 cxd4 30. Rc1 Ke7 31. Ke2 Rc5 32. Rcd1 Rc2+ 33. R1d2 Rxd2+ 34. Rxd2 Ke6 35. Kd3 Kf5 36. Re2 Rd7 37. Re4 f6 38. g4+ Kg6 39. f4 f5 40. Re6+ Kf7 41. gxf5 Rd5 42. Re5 Rd6 43. h5 Kf6 44. b4 Kf7 45.
a4 Kf6 46. a5 bxa5 47. Rxa5 Rb6 48. b5 Kxf5 49. Rxa7 Rxb5 50. Rxg7 Kxf4 51. Kxd4 Rxh5 52. Rf7+ Kg3 53. Ke3 Re5+ 54. Kd2 h5 55. Rg7+ Kh3 56. Rg1 h4 57. Rg7 Kh2 58. Rg4 h3 59. Rg7 Ra5 60. Ke2 Ra2+ 61. Kf1 Rg2 62. Rh7 Rg3 63. Rh8 Rg4 64. Rh7 Rf4+ 65. Ke2 Kg3 66. Rg7+ 1/2-1/2

[Event "44th Chess Olympiad Open 2022"]
[Site "Chennai"]
[Date "2022.08.08"]
[Round "10.73"]
[White "Barcon, Harmon"]
[Black "Mbongeni, Mabuza"]
[Result "1-0"]
[WhiteElo "1902"]
[BlackElo "1669"]
[Annotator "NA RC"]
[PlyCount "55"]
[EventDate "2022.??.??"]
[TimeControl "60"]

1. e4 e5 2. Nf3 Nf6 3. Nxe5 d6 4. Nf3 Nxe4 5. d4 d5 6. Bd3 Be7 7. O-O O-O 8. Re1 Bf5 9. Nbd2 Nd6 10. Bxf5 Nxf5 11. Nf1 Nd7 12. Qd3 g6 13. Ng3 Nxg3 14. hxg3 Bf6 15. Bf4 Nb6 16. Rad1 Nc4 17. b3 Nb2 18. Qc3 Nxd1 19. Rxd1 c6 20. Qb4 Qd7 21. Ne5 Bxe5 22. dxe5 b6 23. Bg5 Qf5 24. Bf6 Qxc2 25. Re1 Qf5 26. g4 c5 27. Qd2 Qxf6 28. exf6 1-0

[Event "44th Chess Olympiad Open 2022"]
[Site "Chennai"]
[Date "2022.08.08"]
[Round "10.73"]
[White "Sihlongonyane, Sikhanyiso"]
[Black "Bobby Ballah"]
[Result "1/2-1/2"]
[WhiteElo "1658"]
[BlackElo "1916"]
[Annotator "NA RC"]
[PlyCount "83"]
[EventDate "2022.??.??"]
[TimeControl "60"]

1. e4 c5 2. Nf3 e6 3. d3 g6 4. g3 Bg7 5. Bg2 Ne7 6. O-O Nbc6 7. c3 d5 8.
Nbd2 O-O 9. Re1 d4 10. Qc2 b6 11. c4 e5 12. a3 h6 13. Nf1 Bg4 14. h3 Be6 15.
g4 Qd7 16. Nh4 Kh7 17. Ng3 Rg8 18. Kh2 Raf8 19. Rf1 Bxg4 20. hxg4 Qxg4 21. Nf3 f5 22. Qe2 f4 23. Kg1 h5 24. Nh1 h4 25. Nxd4 Qxe2 26. Nxe2 f3 27.
Nc3 fxg2 28. Kxg2 Nd4 29. Bg5 Bf6 30. Bxf6 Rxf6 31. Nd5 Nxd5 32. exd5 Rf3 33. Rad1 Kg7 34. Rfe1 h3+ 35. Kh2 Kf6 36. Re3 Rh8 37. Rxf3+ Nxf3+ 38. Kg3 Nd4 39. Re1 Nf5+ 40. Kh2 g5 41. Ng3 Nd4 42. Re3 1/2-1/2

[Event "44th Chess Olympiad Open 2022"]
[Site "Chennai"]
[Date "2022.08.08"]
[Round "10.73"]
[White "Nxumalo, Vuyo"]
[Black "Joel O. Ebiekuta"]
[Result "0-1"]
[WhiteElo "1493"]
[BlackElo "1848"]
[Annotator "NA RC"]
[PlyCount "69"]
[EventDate "2022.??.??"]
[TimeControl "60"]

1. e4 e6 2. Nf3 d5 3. exd5 exd5 4. d4 Nf6 5. Bd3 Be7 6. O-O h6 7. Re1 O-O 8. Nbd2 Nc6 9. c3 Bd6 10. h3 Re8 11. Nf1 Re6 12. Rxe6 Bxe6 13. Be3 Ne4 14. Bxe4 dxe4 15. N3d2 f5 16. Qc2 Bf7 17. f4 Qh4 18.
g3 Qxh3 19. Re1 g5 20. Re2 Qg4 21. Rg2 Kg7 22. Nh2 Qh3 23. fxg5 hxg5 24. Bxg5 Rh8 25. Ndf1 Bc4 26. Qf2 Bxf1 27. Kxf1 Kf7 28. Bf4 Ne7 29. g4 Nd5 30. Bc1 f4 31. Ke2 Qd3+ 32. Ke1 f3 33. g5 Kg6 34. Nxf3 exf3 35. Rg1 0-1

[Event "44th Chess Olympiad Open 2022"]
[Site "Chennai"]
[Date "2022.08.08"]
[Round "10.74"]
[White "Hassan Sidi Mohamed Cheikh"]
[Black "Kibrom Weldegebriel Beraki"]
[Result "1-0"]
[WhiteElo "1825"]
[BlackElo "1793"]
[Annotator "NA RC"]
[PlyCount "121"]
[EventDate "2022.??.??"]
[TimeControl "60"]

1. d4 Nf6 2. Nc3 d5 3. Bg5 Bf5 4. f3 Nc6 5. Qd2 e6 6. e4 dxe4 7. fxe4 Bg4 8. e5 h6 9. Bh4 Ne4 10. Nxe4 Qxh4+ 11. g3 Qd8 12. c3 Qd5 13. Bg2 Qb5 14. a4 Qb3 15. Ne2 O-O-O 16. Nc1 Qb6 17. Nd3 Nxd4 18. a5 Nc2+ 19. Qxc2 Qe3+ 20. Kf1 Qxd3+ 21. Qxd3 Rxd3 22. Nf2 Rd2 23. Nxg4 Rxb2 24. a6 bxa6 25. Nf2 f5 26. Rxa6 Kd7 27. Bc6+ Kd8 28. Nd3 Rc2 29. Rxa7 Rxc3 30. Ra8+ Ke7 31. Bb5 c6 32. Ba4 Rxd3 33. Ke2 Rd5 34. Ra7+ Kd8 35. Rb1 Rxe5+ 36. Kf3 Kc8 37. Bxc6 Rc5 38. Bd7+ Kd8 39. Bxe6 Rc3+ 40. Kg2 Bd6 41. Rd7+ Ke8 42. Rxd6 Rc2+ 43. Kh3 Ke7 44. Ra6 Rc7 45. Bxf5 Rd8 46. Re6+ Kf7 47. Rbe1 Rf8 48. Bg6+ Kg8 49. Re8 Rc8 50. Rxc8 Rxc8 51. Re8+ Rxe8 52. Bxe8 Kh7 53. Kg4 Kg8 54. Bg6 Kh8 55. Kf5 Kg8 56. Ke6 Kf8 57. Bh7 Ke8 58. Bg6+ Kf8 59. Bf7 g6 60. Kf6 g5 61. Ba2 1-0

[Event "44th Chess Olympiad Open 2022"]
[Site "Chennai"]
[Date "2022.08.08"]
[Round "10.74"]
[White "Asante Debesai Zerabruk"]
[Black "Cheikhna, Mohamed Lemine"]
[Result "0-1"]
[WhiteElo "1785"]
[BlackElo "1899"]
[Annotator "NA RC"]
[PlyCount "92"]
[EventDate "2022.??.??"]
[TimeControl "60"]

1. e4 c5 2. Nf3 Nc6 3. d3 g6 4. g3 Bg7 5. Bg2 d6 6. O-O Nf6 7. Re1 e5 8. Nbd2 O-O 9. h3 h6 10. c3 Nh7 11. g4 Be6 12. Nf1 f5 13.
exf5 gxf5 14. gxf5 Bxf5 15. Ng3 Bg6 16. Nh2 Qd7 17. Ng4 Ng5 18.
h4 Nf7 19. Be4 Ne7 20. h5 Bxe4 21. dxe4 Kh7 22. Ne3 Ng5 23. Nef5 Nxf5 24. exf5 Nh3+ 25. Kf1 Nf4 26. Qg4 Qf7 27. Bxf4 exf4 28. Qxf4 Be5 29. Qe3 Bxg3 30. Qxg3 Rg8 31. Qf3 Rg5 32. Re6 Rxf5 33. Qe4 Kg8 34. Qg2+ Rg5 35. Qe4 Rf8 36. Rg6+ Rxg6 37. Qxg6+ Qxg6 38. hxg6 Rf6 39. Re1 Kf8 40. g7+ Kxg7 41. Re8 Rf8 42. Re6 Rf6 43. Re8 h5 44. Kg2 Kg6 45. f3 d5 46. Rd8 Rb6 0-1